AoeStats
← OmarGutieG

Arabia

508049197Analyzed
2v2 RM · 11d ago on Sep 20, 2026· 59m 30s· 4 players
Game mode
Random Map
Map size
Medium (4 player)
Population
200
Speed
Normal
Resources
Standard
Victory
Conquest
Starting age
Dark Age
Ending age
Imperial Age
RankedLock teamsTeams togetherTeam positionsShared explorationLock speedFull tech treeHidden civsTurbo modeCheats
Victory
Defeat
🇲🇽 Magyars · Mexico
1314
+16
🇲🇽 Ethiopians · Mexico
1299
+16
🇳🇴 Tupi · Norway
1331
-17
🇳🇴 Magyars · Norway
1283
-15
armigame1
6:53 Loom
9:16 Feudal Age
22:44 Castle Age
20:37 Gold Mining
20:34 Double-Bit Axe
22:11 Bloodlines
26:06 Scale Barding Armor
26:58 Husbandry
34:25 Chain Barding Armor
35:09 Wheelbarrow
36:09 Horse Collar
41:44 Imperial Age
39:48 Ballistics
42:03 Cavalier
43:18 Hand Cart
42:48 Town Watch
43:45 Gold Shaft Mining
44:01 Conscription
43:56 Paladin
44:56 Heavy Plow
46:27 Chemistry
47:58 Plate Barding Armor
48:57 Light Cavalry
50:30 Hussar
53:15 Corvinian Army
OmarGutieG
7:05 Loom
9:17 Feudal Age
14:12 Fletching
23:16 Castle Age
22:21 Padded Archer Armor
22:10 Double-Bit Axe
22:17 Gold Mining
23:16 Crossbowman
23:54 Bodkin Arrow
26:14 Thumb Ring
27:28 Wheelbarrow
34:39 Hand Cart
34:11 Town Watch
35:37 Town Patrol
36:10 Horse Collar
37:01 Heavy Plow
40:22 Imperial Age
40:29 Arbalester
41:17 Bracer
41:32 Leather Archer Armor
43:31 Chemistry
43:21 Bow Saw
45:09 Ballistics
46:00 Two-Man Saw
46:01 Conscription
47:32 Gold Shaft Mining
54:32 Caravan
Jon2000
7:30 Loom
9:55 Feudal Age
10:49 Double-Bit Axe
15:40 Fletching
16:09 Horse Collar
23:44 Castle Age
22:54 Padded Archer Armor
23:26 Scale Mail Armor
23:47 Crossbowman
27:11 Wheelbarrow
28:05 Heavy Plow
28:16 Bow Saw
28:09 Gold Mining
28:52 Hand Cart
28:47 Bodkin Arrow
29:46 Leather Archer Armor
35:28 Pikeman
36:08 Squires
36:28 Chain Mail Armor
36:23 Forging
36:01 Town Watch
36:50 Stone Mining
41:59 Ballistics
42:40 Iron Casting
45:25 Imperial Age
45:27 Halberdier
46:09 Bracer
46:40 Ring Archer Armor
47:17 Chemistry
46:01 Arbalester
46:04 Elite Skirmisher
47:16 Conscription
48:24 Curare
Gauda
6:27 Loom
9:01 Feudal Age
13:00 Double-Bit Axe
22:27 Castle Age
23:23 Husbandry
23:25 Padded Archer Armor
23:37 Horse Collar
24:13 Bow Saw
25:34 Fletching
27:55 Bloodlines
28:14 Bodkin Arrow
29:30 Leather Archer Armor
32:48 Ballistics
36:15 Pikeman
37:42 Scale Mail Armor
39:09 Wheelbarrow
42:40 Imperial Age
43:07 Corvinian Army
43:35 Hand Cart
44:06 Parthian Tactics
44:02 Bracer
45:06 Chemistry
44:05 Light Cavalry
45:39 Recurve Bow
46:00 Conscription
47:20 Two-Man Saw
47:20 Heavy Cavalry Archer
47:29 Halberdier
48:44 Ring Archer Armor
49:57 Town Watch
52:28 Elite Magyar Huszar
56:21 Scale Barding Armor
57:44 Heavy Plow
58:23 Chain Barding Armor
Connection lost

Rejoining the realm…

Still unreachable

The connection could not be restored.

Session expired

The server has moved on; the page needs a fresh start.